 Dungeon Crawl Stone Soup version 0.32-a0-643-ga006e7742e (webtiles) character file.

Game seed: 6051820304852656269

7838 Shayle the Ducker (level 11, -6/83 HPs)
             Began as a Coglin Alchemist on Mar 6, 2024.
             Was an Initiate of Gozag.
             Mangled by a minotaur
             ... wielding a staff of fire
              (24 damage)
             ... in a Gauntlet on Mar 7, 2024.
             The game lasted 00:40:04 (8683 turns).

Shayle the Ducker (Coglin Alchemist)                Turns: 8683, Time: 00:40:05

Health: -6/83      AC: 11    Str: 17    XL:     11   Next: 21%
Magic:  8/21       EV: 16    Int: 21    God:    Gozag
Gold:   2116       SH:  0    Dex: 18    Spells: 8/23 levels left

rFire   + . .        s - +7 hand axe "Tuparham" {spect, +Blink rElec Str-3}
rCold   . . .        D - +10 war axe "Luavoxev" {spect, rElec Will+ rCorr}
rNeg    . . .        k - +4 robe of Augmentation {Str+4 Int+4 Dex+4}
rPois   .            y - +2 hat {Will+}
rElec   +            (no cloak)
rCorr   +            m - +0 pair of gloves
SInv    .            L - +1 pair of boots "Ciuc Asa" {Will+ Str+5}
Will    +++..        (amulet unavailable)
Stlth   ++           (ring unavailable)
HPRegen 0.33/turn    (ring unavailable)
MPRegen 0.17/turn    (no gizmo)

%: no teleportation
@: revved
A: off-hand wielding, slow wielding, warmup strikes, no jewellery, fire
resistance 1
a: Invent Gizmo, Renounce Religion, Evoke Blink, Potion Petition, Call Merchant,
Bribe Branch


You were in a Gauntlet.
You worshipped Gozag.
Gozag was most pleased with you.
You visited 3 branches of the dungeon, and saw 10 of its levels.
You also visited: Sewer, Ossuary and Gauntlet.

You collected 2176 gold pieces.
You paid 60 gold pieces to Gozag.

Inventory:

Hand Weapons
 e - a +0 flail {Kaspar}
 f - a +0 dagger {Yashnoor}
 i - a +2 vampiric dagger {Thatsani}
 n - a +2 dagger of freezing
 s - the +7 hand axe "Tuparham" (weapon) {spect, +Blink rElec Str-3}
   (You took it off Terence on level 3 of the Dungeon)

   Str-3:     It affects your strength (-3).
   rElec:     It insulates you from electricity.
   +Blink:    It lets you blink.
 D - the +10 war axe "Luavoxev" (offhand) {spect, rElec Will+ rCorr}
   (You found it on level 5 of the Dungeon)

   rElec:     It insulates you from electricity.
   Will+:     It increases your willpower.
   rCorr:     It protects you from acid and corrosion.
 O - the +6 double sword of Greed {elec, rCorr}
   (You found it in a Gauntlet)

   rCorr:     It protects you from acid and corrosion.
Missiles
 z - 3 silver javelins
 I - a throwing net
Armour
 c - a +0 helmet
 h - a +1 leather armour of fire resistance
 k - the +4 robe of Augmentation (worn) {Str+4 Int+4 Dex+4}
   (You found it on level 3 of the Dungeon)

   Str+4:     It affects your strength (+4).
   Int+4:     It affects your intelligence (+4).
   Dex+4:     It affects your dexterity (+4).
 m - a +0 pair of gloves (worn)
 y - a +2 hat of willpower (worn)
 B - a +1 pair of boots
 L - the +1 pair of boots "Ciuc Asa" (worn) {Will+ Str+5}
   (You acquired it on level 7 of the Dungeon)

   Str+5:     It affects your strength (+5).
   Will+:     It increases your willpower.
Talismans
 a - a dragon-blood talisman
 v - the serpent talisman "Aghis" {rF+ Stlth+}
   (You found it on level 3 of the Dungeon)

   [serpent talisman]

   rF+:       It protects you from fire.
   Stlth+:    It makes you more stealthy.
Wands
 u - a wand of roots (14)
 K - a wand of flame (8)
Scrolls
 l - a scroll of fog
 r - 3 scrolls of teleportation
 w - a scroll of fear
 A - a scroll of enchant weapon
 C - a scroll of noise
 E - a scroll of vulnerability {unknown}
 F - a scroll of blinking
 G - a scroll of enchant armour {unknown}
 H - a scroll of amnesia {unknown}
 M - a scroll of immolation {unknown}
 N - a scroll of revelation
 P - a scroll of identify
Potions
 b - 2 potions of magic
 d - 4 potions of cancellation
 g - 2 potions of mutation
 j - a potion of berserk rage
 o - a potion of might
 p - 8 potions of curing
 q - 3 potions of haste
 t - 3 potions of brilliance
 x - a potion of lignification
 J - 2 potions of enlightenment
 Q - a potion of heal wounds


   Skills:
 + Level 6.6 Fighting
 + Level 6.6 Axes
 + Level 7.5 Dodging
 - Level 1.5 Stealth
 + Level 6.9 Spellcasting
 - Level 2.0 Conjurations
 + Level 7.2 Air Magic
 - Level 4.1 Alchemy


You had 8 spell levels left.
You knew the following spells:

 Your Spells              Type           Power      Damage    Failure   Level
a - Sting                 Conj/Alch      80%        1d8       2%          1
b - Mephitic Cloud        Conj/Alch/Air  26%        N/A       4%          3
c - Olgreb's Toxic Radia  Alch           24%        N/A       16%         4
d - Airstrike             Air            18%        2d(3-19)  4%          4
e - Summon Ice Beast      Ice/Summ       7%         N/A       26%         3

Your spell library contained the following spells:

 Spells                   Type           Power      Damage    Failure   Level
 Shock                    Conj/Air       100%       1d9       1%          1
 Mercury Vapours          Alch/Air       62%        N/A       1%          2
 Swiftness                Air            37%        N/A       1%          3
 Cigotuvi's Dreadful Rot  Necr/Alch/Air  46%        N/A       2%          2
 Slow                     Hex            28%        N/A       9%          1
 Sublimation of Blood     Necr           7%         N/A       14%         2
 Dazzling Flash           Conj/Hex       22%        N/A       17%         3
 Hailstorm                Conj/Ice       11%        3d6       17%         3
 Vhi's Electric Charge    Tloc/Air       44%        N/A       21%         4
 Confusing Touch          Hex            7%         N/A       26%         3
 Sigil of Binding         Hex            7%         N/A       26%         3
 Vampiric Draining        Necr           7%         2d6       26%         3
 Volatile Blastmotes      Fire/Tloc      14%        2d11      26%         3
 Ignite Poison            Fire/Alch      15%        N/A       36%         4
 Petrify                  Alch/Erth      15%        N/A       36%         4
 Sticky Flame             Fire/Alch      15%        2d5       36%         4
 Irradiate                Conj/Alch      10%        3d15      56%         5
 Dispel Undead            Necr           7%         3d8       65%         4
 Manifold Assault         Tloc           7%         N/A       65%         4
 Martyr's Knell           Necr/Summ      7%         N/A       65%         4
 Borgnjor's Vile Clutch   Necr/Erth      3%         N/A       94%         5
 Plasma Beam              Fire/Air       11%        2x1d22    97%         6
 Sculpt Simulacrum        Ice/Alch       7%         N/A       99%         6
 Death Channel            Necr           3%         N/A       100%        6
 Dispersal                Tloc           3%         N/A       100%        6
 Starburst                Conj/Fire      5%         6d4       100%        6
 Ozocubu's Refrigeration  Ice            3%         4d8       100%        7
 Disjunction              Tloc           3%         N/A       100%        8
 Ignition                 Fire           3%         3d4       100%        8
 Maxwell's Capacitive Co  Air            18%        ∞         100%        8
 Polar Vortex             Ice            3%         N/A       100%        9
 Animate Dead             Necr           Unusable   N/A       N/A         4

Dungeon Overview and Level Annotations

Branches:
Dungeon (8/15)             Temple (1/1) D:4            Lair (1/5) D:8
  Sewer (visited)         Ossuary (visited)         Gauntlet (1/1)

Altars:
Dithmenos
Fedhas
Gozag
Hepliaklqana
Okawaru
Qazlal
Ru
Sif Muna
Uskayaw
Vehumet
Wu Jian
Xom
Yredelemnul
Zin
The Shining One

Annotations:
D:2 1 runed translucent door, Crazy Yiuf Gauntlet 4 transporters


Innate Abilities, Weirdness & Mutations

You can wield a second weapon in your off-hand.
It takes a long time for you to wield or remove held weapons.
Your first few attacks do less damage.
You cannot equip rings or amulets.
Your flesh is heat resistant. (rF+)


Message History

The minotaur unwields a +1 heavy shortbow.
The minotaur wields a staff of fire.
The minotaur hits you with a staff of fire!
The minotaur burns you. The minotaur completely misses you.
Unknown command.
You closely miss the minotaur with the +10 war axe "Luavoxev".
The minotaur is moderately wounded.
You hit the minotaur but do no damage.
Your +10 war axe "Luavoxev" {spect, rElec Will+ rCorr} hits the minotaur.
Your +10 war axe "Luavoxev" {spect, rElec Will+ rCorr} barely misses the minotaur.
The minotaur furiously retaliates!
The minotaur headbutts your +10 war axe "Luavoxev" {spect, rElec Will+ rCorr}.
Your spectral weapon shares its damage with you!
The minotaur hits you with a staff of fire!
The minotaur burns you. The minotaur gores you.
* * * LOW HITPOINT WARNING * * *
Unknown command.
You hit the minotaur but do no damage.
The minotaur is moderately wounded.
You hit the minotaur but do no damage.
Your +10 war axe "Luavoxev" {spect, rElec Will+ rCorr} hits the minotaur. x2
The minotaur barely misses you. The minotaur gores you.
* * * LOW HITPOINT WARNING * * *
Unknown command.
You hit the minotaur with the +10 war axe "Luavoxev".
The minotaur is heavily wounded.
You slash the minotaur with the +7 hand axe "Tuparham"!
Your +10 war axe "Luavoxev" {spect, rElec Will+ rCorr} hits the minotaur!
Your +10 war axe "Luavoxev" {spect, rElec Will+ rCorr} completely misses the minotaur.
The minotaur closely misses your +10 war axe "Luavoxev" {spect, rElec Will+ rCorr}.
The minotaur gores your +10 war axe "Luavoxev" {spect, rElec Will+ rCorr} but does no damage.
Unknown command.
You slash the minotaur with the +10 war axe "Luavoxev"!
The minotaur is almost dead.
You hit the minotaur but do no damage.
Your +10 war axe "Luavoxev" {spect, rElec Will+ rCorr} hits the minotaur but does no damage.
Your +10 war axe "Luavoxev" {spect, rElec Will+ rCorr} hits the minotaur.
The minotaur hits you with a staff of fire!!
You die...
Your body crumbles into a pile of gold.

#...........# #.########..#
##.# #....#.# #..# ####.#..#
#.## #.##.# #.# #..#.# #.#
##.#.# #.#.###.###(#.#
#.#.....§°H@#.#
#.###########.# #.......#
#########.#########
#≈..............§≈#
####ß.ß.ß..©.©..ß.ߧß####
#ß##≈...............≈##ß#
############################
...........≈∩≈............≈#


You could see a minotaur (ally target) and a friendly +10 war axe "Luavoxev"
{spect, rElec Will+ rCorr}.

Vanquished Creatures
  Gastronok (Lair:1)
  An arcanist (Gauntlet)
  A rime drake (Lair:1)
  Jeremiah (D:6)
  3 komodo dragons
  An ice devil (Gauntlet)
  Prince Ribbit (D:7)
  3 hornets (Gauntlet)
  3 yaks (Lair:1)
  A steam dragon (D:8)
  Menkaure (D:7)
  2 swamp worms (Gauntlet)
  3 water moccasins
  An ice beast (D:5)
  A black bear (D:8)
  2 ogres (D:6)
  4 wolves (Lair:1)
  2 centaurs (D:6)
  A phantom (D:5)
  A weeping skull (Ossuary)
  An elf zombie (Ossuary)
  A kobold brigand (Sewer)
  3 bullfrogs (D:8)
  2 scorpions
  A burial acolyte (Ossuary)
  3 wights
  2 bombardier beetles
  A nameless horror (Gauntlet)
  A jelly (D:7)
  6 orc priests
  A human zombie (Ossuary)
  2 gnoll boudas (D:6)
  2 hounds
  Terence (D:3)
  2 iguanas
  Ijyb (D:5)
  3 orc wizards
  Natasha (thrice) (D:3)
  A hound zombie (Ossuary)
  2 mummies (Ossuary)
  A howler monkey zombie (Ossuary)
  Robin (D:3)
  10 gnolls
  10 adders
  A river rat (Sewer)
  3 shadow imps
  7 white imps
  4 dart slugs
  4 ribbon worms
  18 orcs
  14 ball pythons
  3 bats
  10 endoplasms
  2 giant cockroaches
  14 goblins
  10 hobgoblins
  4 jackals
  11 kobolds
  5 quokkas
  4 frilled lizards
  A gnoll zombie (Ossuary)
  12 rats
222 creatures vanquished.

Notes
Turn   | Place    | Note
-------+----------+-------------------------------------------
     0 | D:1      | Shayle the Coglin Alchemist began the quest for the Orb.
     0 | D:1      | Reached XP level 1. HP: 13/13 MP: 3/3
     0 | D:1      | Upgraded the game from 0.32-a0-630-g46d191b0ed to
                  | 0.32-a0-643-ga006e7742e
    65 | D:1      | Reached skill level 1 in Conjurations
   368 | D:1      | Reached XP level 2. HP: 19/19 MP: 2/4
   401 | D:1      | Got the Papyrus of the Lungs
   677 | D:1      | Reached XP level 3. HP: 24/24 MP: 1/6
  1419 | D:2      | Reached skill level 1 in Air Magic
  1419 | D:2      | Reached XP level 4. HP: 13/30 MP: 7/7
  1855 | D:2      | Found a runed translucent door.
  1856 | D:2      | Noticed Crazy Yiuf
  1997 | D:3      | Noticed Terence
  2084 | D:3      | Noticed a scorpion
  2094 | D:3      | Killed a scorpion
  2095 | D:3      | Reached XP level 5. HP: 20/35 MP: 4/8
  2120 | D:3      | Found the +4 robe of Augmentation {Str+4 Int+4 Dex+4}
  2168 | D:3      | Noticed Robin
  2210 | D:3      | Gained mutation: Your flesh is heat resistant. (rF+)
                  | [potion of mutation]
  2216 | D:3      | Killed Robin
  2437 | D:3      | Found a glowing drain.
  2441 | Sewer    | Entered a sewer
  2650 | Sewer    | Reached XP level 6. HP: 41/41 MP: 10/10
  2812 | Sewer    | Learned a level 3 spell: Mephitic Cloud
  2817 | Sewer    | Learned a level 4 spell: Olgreb's Toxic Radiance
  2888 | D:3      | Identified the +7 hand axe "Tuparham" {spect, +Blink rElec
                  | Str-3}
  2903 | D:3      | Killed Terence
  3098 | D:3      | Noticed Natasha
  3213 | D:3      | Killed Natasha
  3264 | D:3      | Noticed Natasha
  3286 | D:3      | Killed Natasha
  3356 | D:3      | Noticed Natasha
  3368 | D:3      | Killed Natasha
  3511 | D:3      | Identified the serpent talisman "Aghis" {rF+ Stlth+}
  3611 | D:3      | Reached XP level 7. HP: 46/46 MP: 12/12
  3696 | D:4      | Found an opulent altar of Gozag.
  3831 | D:4      | Found a staircase to the Ecumenical Temple.
  3837 | Temple   | Entered the Ecumenical Temple
  3883 | D:4      | Became a worshipper of Gozag Ym Sagoz the Greedy
  4162 | D:4      | Found a shimmering blue altar of Sif Muna.
  4361 | D:5      | Entered Level 5 of the Dungeon
  5138 | D:5      | Identified the +10 war axe "Luavoxev" {spect, rElec Will+
                  | rCorr}
  5175 | D:5      | Noticed Ijyb
  5186 | D:5      | Killed Ijyb
  5203 | D:5      | Found an iron altar of Okawaru.
  5251 | D:6      | Reached skill level 1 in Fighting
  5251 | D:6      | Reached skill level 1 in Axes
  5251 | D:6      | Reached XP level 8. HP: 41/54 MP: 14/14
  5608 | D:6      | Found a sand-covered staircase.
  5613 | Ossuary  | Entered an ossuary
  5613 | Ossuary  | Found a huge runed translucent gate.
  5613 | Ossuary  | Found a huge runed translucent gate.
  5613 | Ossuary  | Found a huge runed translucent gate.
  5613 | Ossuary  | Found a huge runed translucent gate.
  5613 | Ossuary  | Found a huge runed translucent gate.
  5613 | Ossuary  | Found a huge runed translucent gate.
  5613 | Ossuary  | Found a huge runed translucent gate.
  5613 | Ossuary  | Found a huge runed translucent gate.
  5613 | Ossuary  | Found a huge runed translucent gate.
  5614 | Ossuary  | Found a huge runed translucent gate.
  5614 | Ossuary  | Found a huge runed translucent gate.
  5615 | Ossuary  | Found a huge runed translucent gate.
  5615 | Ossuary  | Found a huge runed translucent gate.
  5617 | Ossuary  | Found a huge runed translucent gate.
  5617 | Ossuary  | Found a huge runed translucent gate.
  5620 | Ossuary  | Found a huge runed translucent gate.
  5620 | Ossuary  | Found a huge runed translucent gate.
  5620 | Ossuary  | Found a huge runed translucent gate.
  5620 | Ossuary  | Found a huge runed translucent gate.
  5621 | Ossuary  | Found a huge runed translucent gate.
  5626 | Ossuary  | Found a huge runed translucent gate.
  5626 | Ossuary  | Found a huge runed translucent gate.
  5666 | Ossuary  | Found a huge runed translucent gate.
  5666 | Ossuary  | Found a huge runed translucent gate.
  5667 | Ossuary  | Found a huge runed translucent gate.
  5667 | Ossuary  | Found a huge runed translucent gate.
  5668 | Ossuary  | Found a huge runed translucent gate.
  5668 | Ossuary  | Found a huge runed translucent gate.
  5681 | Ossuary  | Found a huge runed translucent gate.
  5681 | Ossuary  | Found a huge runed translucent gate.
  5687 | Ossuary  | Found a huge runed translucent gate.
  5687 | Ossuary  | Found a huge runed translucent gate.
  5687 | Ossuary  | Found a huge runed translucent gate.
  5687 | Ossuary  | Found a huge runed translucent gate.
  5687 | Ossuary  | Found a huge runed translucent gate.
  5703 | Ossuary  | Reached skill level 5 in Dodging
  6014 | D:6      | Reached XP level 9. HP: 63/63 MP: 16/16
  6045 | D:6      | Noticed Jeremiah
  6053 | D:6      | Killed Jeremiah
  6054 | D:6      | Reached skill level 5 in Spellcasting
  6054 | D:6      | Reached skill level 5 in Air Magic
  6184 | D:6      | Identified the +1 tower shield of True Grit {Str+4}
  6514 | D:7      | Noticed Menkaure
  6518 | D:7      | Killed Menkaure
  6706 | D:7      | Found a glowing silver altar of Zin.
  6797 | D:7      | Found a sacrificial altar of Ru.
  7043 | D:7      | Identified 2 scrolls of acquirement
  7046 | D:7      | Acquired the +1 pair of boots "Ciuc Asa" {Will+ Str+5}
  7058 | D:7      | Acquired 677 gold pieces
  7066 | D:7      | Noticed Prince Ribbit
  7070 | D:7      | Killed Prince Ribbit
  7257 | D:8      | Noticed a komodo dragon
  7319 | D:8      | Found a staircase to the Lair.
  7361 | D:7      | Killed a komodo dragon
  7547 | D:8      | Reached XP level 10. HP: 71/73 MP: 18/18
  7659 | D:8      | Reached skill level 5 in Fighting
  7659 | D:8      | Reached skill level 5 in Axes
  7700 | Lair:1   | Entered Level 1 of the Lair of Beasts
  7804 | Lair:1   | Noticed Gastronok
  7841 | Lair:1   | Killed Gastronok
  8049 | Lair:1   | Found a gate leading to a gauntlet.
  8055 | Gauntlet | Entered a Gauntlet
  8055 | Gauntlet | Noticed an arcanist
  8055 | Gauntlet | Found a transporter.
  8055 | Gauntlet | Found a transporter.
  8092 | Gauntlet | Found a transporter.
  8093 | Gauntlet | Found a transporter.
  8093 | Gauntlet | Noticed a blizzard demon
  8098 | Gauntlet | Noticed a great orb of eyes
  8101 | Gauntlet | Noticed a purple ugly thing
  8104 | Gauntlet | Found a transporter.
  8123 | Gauntlet | Found a transporter.
  8129 | Gauntlet | Found a transporter.
  8140 | Gauntlet | Found a transporter.
  8154 | Gauntlet | Found a transporter.
  8162 | Gauntlet | Found a transporter.
  8179 | Gauntlet | Found a transporter.
  8190 | Gauntlet | Found a transporter.
  8204 | Gauntlet | Killed an arcanist
  8205 | Gauntlet | Reached XP level 11. HP: 82/82 MP: 16/21
  8247 | Gauntlet | Paralysed by a hornet for 2 turns
  8275 | Gauntlet | Identified the +6 double sword of Greed {elec, rCorr}
  8336 | Gauntlet | Learned a level 4 spell: Airstrike
  8340 | Gauntlet | Learned a level 3 spell: Summon Ice Beast
  8666 | Gauntlet | Identified the ring "Ryroih" {rC+ rN+ Int+3 Stlth+}
  8666 | Gauntlet | Noticed a minotaur
  8683 | Gauntlet | Mangled by a minotaur

Illustrated notes

Levels and vault maps discovered:
D:1:      shiori_arrival_elements, layout_basic
D:2:      layout_rooms, uniq_crazy_yiuf_cottage
D:3:      minmay_bubble_buster, layout_basic, gup_sewer_entry_bowl, uniq_robin,
          uniq_natasha, uniq_terence
D:4:      layout_loops_cross, lemuel_round_altar,
          mainiacjoe_overflow_tiny_flanked, temple_green
D:5:      layout_loops_ring, lemuel_coloured_pillars_altar, uniq_ijyb
D:6:      layout_loops_ring, enter_ossuary_5, minivault_10,
          kennysheep_decorative_pillar, minivault_26, eino_curves_03,
          uniq_jeremiah
D:7:      layout_gridville, nicolae_ru_great_annihilating_truth,
          kennysheep_little_box, uniq_menkaure, uniq_prince_ribbit1
D:8:      layout_gridville, elyvilon_altar_5, grunt_nemelex_the_gamble,
          due_lair_maze_entry_diamond
Temple:   eino_temple_lava
Lair:1:   layout_roguey, gauntlet_entry_generic, chequers_serial_rivers_micro_e,
          chequers_serial_rivers_small_3, uniq_gastronok, uniq_sonja
Gauntlet: gammafunk_gauntlet_shortcut [gammafunk_gauntlet_arena_chambers,
          gammafunk_gauntlet_arena_teeth, gammafunk_gauntlet_arena_hedges,
          nicolae_gauntlet_arena_quarters, gammafunk_gauntlet_arena_spirals,
          nicolae_gauntlet_arena_flowing_pool,
          dreamdust_gauntlet_exit_labyrinth]

Skill      XL: |  1  2  3  4  5  6  7  8  9 10 |
---------------+-------------------------------+-----
Conjurations   | 1 2 |  2.0
Dodging        | 2 3 4 5 6 7 |  7.5
Spellcasting   | 2 3 4 5 6 |  6.9
Air Magic      | 1 2 3 4 5 7 |  7.2
Alchemy        | 4 |  4.1
Fighting       | 1 3 4 6 |  6.6
Axes           | 1 3 4 6 |  6.6
Stealth        | |  1.5

Action                     |  1- 3 |  4- 6 |  7- 9 | 10-12 || total
---------------------------+-------+-------+-------+-------++-------
  Melee: Unarmed           |    11 |       |       |       ||    11
         Flail             |    27 |   190 |    44 |       ||   261
         Dagger            |    22 |   186 |    54 |       ||   262
         Hand axe          |       |       |    80 |    52 ||   132
         War axe           |       |       |    77 |    58 ||   135
   Cast: Sting             |    20 |    18 |       |       ||    38
         Mephitic Cloud    |       |     2 |     1 |    11 ||    14
         Summon Ice Beast  |       |       |       |     4 ||     4
         Airstrike         |       |       |       |     4 ||     4
  Evoke: Wand              |       |       |       |     6 ||     6
    Use: Scroll            |       |     7 |    11 |     2 ||    20
         Potion            |       |     5 |     1 |     1 ||     7
   Stab: Sleeping          |     1 |     3 |     2 |       ||     6
         Confused          |       |     4 |     2 |    10 ||    16
         Distracted        |       |     1 |     2 |     1 ||     4
         Paralysed         |       |       |     1 |       ||     1
 Armour: Robe              |    11 |   128 |    85 |    45 ||   269
         Leather armour    |    26 |    36 |       |       ||    62
  Dodge: Dodged            |    23 |   136 |    94 |    31 ||   284

Table legend: (Time is in decaauts)
 A = Elapsed time spent in this place.
 B = Non-inter-level travel time spent in this place.
 C = Inter-level travel time spent in this place.
 D = Time resting spent in this place.
 E = Time spent auto-exploring this place.
 F = Levels seen in this place.
 G = Mean time per level.
                   A        B        C        D        E       F      G
               +--------+--------+--------+--------+--------+-----+--------+
         Total |   8861 |   8464 |    397 |   1421 |   3867 |  13 |  681.6 |
       Dungeon |   7242 |   6846 |    396 |   1007 |   3762 |   8 |  905.2 |
        Temple |      1 |      0 |      1 |      0 |      0 |   1 |    1.0 |
          Lair |    359 |    359 |      0 |    102 |     62 |   1 |  359.0 |
         Sewer |    455 |    455 |      0 |     54 |     43 |   1 |  455.0 |
       Ossuary |    172 |    172 |      0 |     32 |      0 |   1 |  172.0 |
      Gauntlet |    630 |    630 |      0 |    226 |      0 |   1 |  630.0 |
               +--------+--------+--------+--------+--------+-----+--------+

Top non-repeatable levels by time:
     D:1: 1325 daAuts
     D:7: 1199 daAuts
     D:3: 1141 daAuts
     D:6: 914 daAuts
     D:5: 891 daAuts
     D:2: 850 daAuts
     D:4: 723 daAuts
Gauntlet: 630 daAuts
   Sewer: 455 daAuts
  Lair:1: 359 daAuts
     D:8: 195 daAuts
 Ossuary: 172 daAuts
  Temple: 1 daAuts
